 Dungeon Crawl Stone Soup version 0.17-a0-2220-g6fea741 (webtiles) character file.

30 glosham the Caller (level 2, -3/25 HPs)
             Began as a Demigod Summoner on Oct 28, 2015.
             Slain by Rayvis's ghost (14 damage)
             ... on level 3 of the Dungeon.
             The game lasted 00:27:54 (1143 turns).

glosham the Caller (Demigod Summoner)               Turns: 1143, Time: 00:27:54

Health: -3/25      AC:  4    Str: 11    XL:     2   Next: 87%
Magic:  2/7        EV: 12    Int: 19    God:
Gold:   56         SH:  0    Dex: 16    Spells: 2 memorised, 1 level left

rFire  . . .     SeeInvis .     a - +1 mace
rCold  . . .     Clarity  .     X - +0 leather armour
rNeg   . . .     SustAt   +     (no shield)
rPois  .         Gourm    .     (no helmet)
rElec  .         Spirit   .     (no cloak)
rCorr  .         Warding  .     (no gloves)
rMut   .         Stasis   .     W - +0 pair of boots
MR     .....                    (no amulet)
Stlth  ++........               (no ring)
                                (no ring)

@: very slightly contaminated, not resistant to hostile enchantments, unstealthy
A: high mp 1, sustain attributes
a: no special abilities


You were on level 3 of the Dungeon.
You were hungry.

You visited 1 branch of the dungeon, and saw 3 of its levels.

You collected 56 gold pieces.

Inventory:

Hand Weapons
 a - a +1 mace (weapon)
 c - a +0 hunting sling
Missiles
 e - 18 stones (quivered)
 k - 40 bolts
 q - 13 arrows
Armour
 g - a +0 scale mail
 T - a +0 robe
 W - a +0 pair of boots (worn)
 X - a +0 leather armour (worn)
 Z - a +0 buckler
Jewellery
 Q - a cursed ring of teleportation
Scrolls
 h - 3 scrolls of teleportation
Potions
 d - 3 potions of curing
 f - a potion of cure mutation {!q}
Books
 l - a book of Callings

   Spells                             Type                      Level
   a - Summon Small Mammal            Summoning                    1
   b - Call Imp                       Summoning                    2
   c - Call Canine Familiar           Summoning                    3
   d - Summon Guardian Golem          Hexes/Summoning              3
   e - Summon Lightning Spire         Summoning/Air                4
   f - Summon Ice Beast               Ice/Summoning                4
Comestibles
 b - a bread ration
 i - a royal jelly


   Skills:
 * Level 2.4 Fighting
 - Level 1.7 Dodging
 - Level 1.7 Stealth
 - Level 1.7 Spellcasting
 - Level 3.6 Summonings


You had one spell level left.
You knew the following spells:

 Your Spells              Type           Power        Failure   Level  Hunger
i - Call Imp              Summ           ###.....     10%         2    ###....
m - Summon Small Mammal   Summ           ###.         6%          1    #......


Dungeon Overview and Level Annotations

Branches:
Dungeon (3/15)

Annotations:
D:3 Rayvis's ghost, amateur DsFi


Innate Abilities, Weirdness & Mutations

You have an increased reservoir of magic (+10% MP).
Your attributes are resistant to harm.


Message History

Your crimson imp hits the scorpion.
Rayvis's ghost hits you! The scorpion stings your crimson imp.
Your crimson imp barely misses the scorpion.
The scorpion barely misses your crimson imp.
Your crimson imp blinks!
The scorpion barely misses your white imp.
Your white imp closely misses the scorpion.
Something stings your white imp.
You swap places.
Your white imp hits the scorpion but does no damage.
The scorpion barely misses your white imp.
Rayvis's ghost laughs, "And you think you're capable of finding the ORB?
I had it, you know.
Then I gave it away so I could steal it AGAIN."
The scorpion closely misses your crimson imp.
You hit Rayvis's ghost but do no damage.
Your crimson imp disappears in a puff of smoke!
Your white imp gestures at Rayvis's ghost.
The puff of frost hits Rayvis's ghost.
Rayvis's ghost closely misses you.
You hit Rayvis's ghost.
Rayvis's ghost is lightly damaged.
Rayvis's ghost barely misses you.
You hit Rayvis's ghost but do no damage.
Rayvis's ghost is lightly damaged.
Your white imp disappears in a puff of smoke!
Rayvis's ghost hits you!
Ouch! That really hurt!
* * * LOW HITPOINT WARNING * * *
Rayvis's ghost closely misses you.
Drink which item? (? for menu, Esc to quit)
You feel better.
Rayvis's ghost sneers, "Do you call that fighting?"
Rayvis's ghost barely misses you.
There is an open door here.
Casting: Call Imp
Confirm with . or Enter, or press ? or * to list all spells.
You miscast Call Imp.
You are very lightly contaminated with residual magic.
Shadowy shapes form in the air around you, then vanish.
Rayvis's ghost hits you!
Ouch! That really hurt!
You die...

#..####...# .
#########..####...#### #.
#....................##..
#.#######..##............
#.#######..#..>..###.#.##
#..........##....# #...#
########.........# ###.#.
#.#####.### #.#. #@# #.#
##.#. #W# ##'## #..##
#####s####...## #..##
#.......s.....## #..#.
##.#######......###....
##..# #.............
##...# #.......'.....
#....# #.......####..
#.##.# #......## ##.


You could see a scorpion and Rayvis's ghost.

Vanquished Creatures
  2 hobgoblins (D:1)
  6 jackals
  3 bats
  A giant cockroach (D:3)
  A giant newt (D:2)
  A kobold (D:2)
  3 rats
17 creatures vanquished.

Vanquished Creatures (collateral kills)
  An adder (D:2)
  A worm (D:2)
  A hobgoblin (D:1)
  A jackal (D:1)
  3 kobolds (D:1)
7 creatures vanquished.

Grand Total: 24 creatures vanquished

Notes
Turn   | Place    | Note
--------------------------------------------------------------
     0 | D:1      | glosham the Demigod Summoner began the quest for the Orb.
     0 | D:1      | Reached XP level 1. HP: 14/14 MP: 5/5
   110 | D:1      | Reached skill level 1 in Fighting
   346 | D:1      | Reached XP level 2. HP: 23/23 MP: 7/7
   350 | D:1      | Learned a level 2 spell: Call Imp
   517 | D:2      | Reached skill level 2 in Fighting
   684 | D:2      | Found a faded altar to an unknown god.
   836 | D:2      | You fall through a shaft!
   879 | D:3      | Found an ancient bone altar of Kikubaaqudgha.
  1032 | D:3      | Noticed a scorpion
  1033 | D:3      | Upgraded the game from 0.17-a0-2215-g49c1de0 to 0.17-a0-2220-g6fea741
  1093 | D:3      | Noticed Rayvis's ghost (amateur DsFi)
  1131 | D:3      | HP: 1/25 [Rayvis's ghost (13)]
  1143 | D:3      | Slain by Rayvis's ghost

Vault maps used:
D:1:      eino_arrival_cavern_e
D:2:      grunt_temple_overflow_opulence, nicolae_overflow_hidden_temple,
          ecumenical_altar_2
D:3:      xom_redecorated, kiku_gazebo_pond_becter, bh_walls_and_bars,
          uniq_natasha

Action                   || total
-------------------------++-------
Melee: Whip              ||    12
       Mace              ||    53
 Cast: Summon Small Mamm ||     5
       Call Imp          ||    12
  Use: Scroll            ||    10
       Potion            ||     1
 Stab: Sleeping          ||     1
  Eat: Chunk             ||     1

Table legend:
 A = Turns spent in this place as a percentage of turns spent in the entire game.
 B = Non-inter-level travel turns spent in this place as a percentage of non-inter-level travel turns spent in the entire game.
 C = Inter-level travel turns spent in this place as a percentage of turns spent in this place.
 D = Turns resting spent in this place as a percentage of non-inter-level travel turns spent in this place.
 E = Turns spent auto-exploring this place as a percentage of non-inter-level travel turns spent in this place.
 F = Non-inter-level travel turns spent in this place divided by the number of levels of this place that you've seen.
                   A       B       C       D       E      F
               +-------+-------+-------+-------+-------+----------------------
         Total | 100.0 | 100.0 |   0.3 |   0.6 |   0.3 | 312.7
       Dungeon | 100.0 | 100.0 |   0.3 |   0.6 |   0.3 | 312.7
               +-------+-------+-------+-------+-------+----------------------

Table legend:
 A = Kills in this place as a percentage of kills in entire the game.
 B = Kills by you in this place as a percentage of kills by you in the entire game.
 C = Kills by friends in this place as a percentage of kills by friends in the entire game.
 D = Other kills in this place as a percentage of other kills in the entire game.
 E = Experience gained in this place as a percentage of experience gained in the entire game.
 F = Experience gained in this place divided by the number of levels of this place that you have seen.
                   A       B       C       D       E      F
               +-------+-------+-------+-------+-------+----------------------
         Total | 100.0 | 100.0 | 100.0 |  -nan | 100.0 |  14.7
       Dungeon | 100.0 | 100.0 | 100.0 |  -nan | 100.0 |  14.7
               +-------+-------+-------+-------+-------+----------------------

Vault maps used:
D:1:      eino_arrival_cavern_e
D:2:      grunt_temple_overflow_opulence, nicolae_overflow_hidden_temple,
          ecumenical_altar_2
D:3:      xom_redecorated, kiku_gazebo_pond_becter, bh_walls_and_bars,
          uniq_natasha
